 Dungeon Crawl Stone Soup version 0.22-a0-782-g038298e (webtiles) character file.

209 Kuinu the Firebug (level 5, -16/40 HPs)
             Began as a Draconian Fire Elementalist on July 20, 2018.
             Demolished by an ogre
             ... wielding a +0 giant club
              (24 damage)
             ... on level 4 of the Dungeon.
             The game lasted 00:21:46 (9181 turns).

Kuinu the Firebug (Draconian Fire Elementalist)     Turns: 9181, Time: 00:21:47

Health: -16/40     AC:  6    Str: 10    XL:     5   Next: 55%
Magic:  9/9        EV: 12    Int: 17    God:
Gold:   160        SH:  0    Dex: 11    Spells: 4/10 levels left

rFire    . . .     SeeInvis .   e - +0 dagger
rCold    . . .     Gourm    +   (no shield)
rNeg     . . .     Faith    .   (armour unavailable)
rPois    .         Spirit   .   (helmet restricted)
rElec    .         Reflect  .   (no cloak)
rCorr    .         Harm     .   o - +0 pair of gloves
MR       .....                  (no boots)
Stlth    ++........             f - amulet of the gourmand
HPRegen  0.13/turn              (no ring)
MPRegen  0.11/turn              (no ring)

@: no status effects
A: unfitting armour, cold-blooded, AC +5
a: no special abilities


You were on level 4 of the Dungeon.
You were full.

You visited 2 branches of the dungeon, and saw 5 of its levels.

You collected 160 gold pieces.

Inventory:

Hand Weapons
 e - a +0 dagger (weapon)
Armour
 o - a +0 pair of gloves (worn)
Jewellery
 f - an amulet of the gourmand (around neck)
Scrolls
 a - a scroll of remove curse {unknown}
 h - a scroll of immolation {unknown}
 i - 2 scrolls of enchant weapon
 j - 2 scrolls of teleportation {unknown}
 k - 3 scrolls of enchant armour
 m - a scroll of amnesia {unknown}
Potions
 g - a potion of lignification
 n - 2 potions of heal wounds {unknown}
 p - a potion of invisibility {unknown}
Comestibles
 b - 4 rations


   Skills:
 - Level 1.0 Fighting
 - Level 0.9 Short Blades
 + Level 2.3 Dodging
 + Level 2.5 Stealth
 * Level 3.1 Spellcasting
 + Level 2.3 Conjurations
 * Level 4.1 Fire Magic


You had 4 spell levels left.
You knew the following spells:

 Your Spells              Type           Power        Failure   Level  Hunger
a - Flame Tongue          Conj/Fire      ##...        4%          1    None
b - Throw Flame           Conj/Fire      ##....       7%          2    ##.....
c - Conjure Flame         Conj/Fire      ##......     14%         3    ###....

Your spell library contained the following spells:

 Spells                   Type           Power        Failure   Level  Hunger
 Fireball                 Conj/Fire      ##........   77%         5    ######.
 Sticky Flame             Conj/Fire      ##......     41%         4    ####...
 Inner Flame              Hex/Fire       #.......     22%         3    ###....


Dungeon Overview and Level Annotations

Branches:
Dungeon (4/15)             Temple (1/1) D:4

Altars:
Ashenzari
Cheibriados
Dithmenos
Elyvilon
Fedhas
Gozag
Hepliaklqana
Kikubaaqudgha
Makhleb
Nemelex Xobeh
Okawaru
Ru
Trog
Uskayaw
Wu Jian
Xom
Yredelemnul
Zin


Innate Abilities, Weirdness & Mutations

Your plain brown scales are hard. (AC +5)
You cannot fit into any form of body armour.
You are cold-blooded and may be slowed by cold attacks.


Message History

There is a hide-covered altar of Uskayaw here.
There is a hide-covered altar of Uskayaw here.
You kneel at the altar of Uskayaw.
There is a staircase back to the Dungeon here.
There is a hazy altar of Hepliaklqana here.
You kneel at the altar of Hepliaklqana.
There is a burning altar of Makhleb here.
You kneel at the altar of Makhleb.
There is a snail-covered altar of Cheibriados here.
There is a blossoming altar of Fedhas here.
You kneel at the altar of Fedhas.
There is a staircase back to the Dungeon here.
You climb upwards.
Welcome back to the Dungeon!
The ogre hits you with a giant club!!
Ouch! That really hurt!
* * * LOW HITPOINT WARNING * * *
There is a staircase to the Ecumenical Temple, spattered with blood here.
The ogre hits you with a giant club!!
Ouch! That really hurt!
You die...

#..........##...
#.............#
#....O....#######.
######.#######..%....a.
#....<.......#........#
#............#......?.#
#............#......."#
#..>..(>.POP..........#
#.........>@..........#
#........P.P.#........#
#............#........#
#............#$.......#
#............#........#
################.......
...... .....


You could see an ogre.

Vanquished Creatures
  An orc wizard (D:3)
  3 gnolls (D:3)
  6 adders
  An ooze (D:1)
  A worm (D:2)
  4 leopard geckos
  6 orcs (D:3)
  4 bats
  17 giant cockroaches
  7 goblins
  6 hobgoblins (D:1)
  4 jackals (D:1)
  A ball python (D:3)
  2 frilled lizards (D:1)
  8 kobolds
  A leopard gecko zombie (D:3)
  3 rats
75 creatures vanquished.

Vanquished Creatures (others)
  An orc wizard (D:3)
  3 orcs (D:3)
4 creatures vanquished.

Grand Total: 79 creatures vanquished

Notes
Turn   | Place    | Note
-------+----------+-------------------------------------------
     0 | D:1      | Kuinu the Draconian Fire Elementalist began the quest for the Orb.
     0 | D:1      | Reached XP level 1. HP: 14/14 MP: 3/3
   572 | D:1      | Reached XP level 2. HP: 16/20 MP: 0/5
   844 | D:1      | Learned a level 2 spell: Throw Flame
  2337 | D:1      | Reached XP level 3. HP: 27/27 MP: 4/6
  3649 | D:2      | Learned a level 3 spell: Conjure Flame
  3956 | D:2      | Reached XP level 4. HP: 34/34 MP: 0/7
  6047 | D:3      | Reached skill level 4 in Fire Magic
  6926 | D:3      | Reached XP level 5. HP: 39/39 MP: 3/9
  7368 | D:3      | Found a faded altar of an unknown god.
  7688 | D:4      | Found a staircase to the Ecumenical Temple.
  7688 | D:4      | Noticed an ogre
  7725 | D:4      | Noticed an ogre
  8472 | D:3      | Reached skill level 1 in Fighting
  8886 | Temple   | Entered the Ecumenical Temple
  9181 | D:4      | Demolished by an ogre

Vault maps used:
D:1:      dpeg_arrival_water_fire, hangedman_decor_clover_reticule
D:2:      cheibrodos_helix_gallery, kennysheep_generic_room_11
D:3:      minmay_roachtagon, chequers_ecumenical_altar_island,
          lemuel_flame_loot_1
D:4:      fiery_altar_vehumet, chequers_temple_overflow_statue_of_worship,
          minmay_temple_entry_trees, first_ration
Temple:   eino_narrow_crystal_temple

Skill      XL: |  1  2  3  4  5 |
---------------+----------------+-----
Stealth        | 2 |  2.5
Dodging        | 2 |  2.3
Conjurations   | 2 |  2.3
Fire Magic     | 4 |  4.1
Spellcasting   | 3 |  3.1
Fighting       | 1 |  1.0
Short Blades   | |  0.9

Action                   |  1- 3 |  4- 6 || total
-------------------------+-------+-------++-------
Melee: Dagger            |    59 |    69 ||   128
       Tailslap          |     6 |     3 ||     9
 Cast: Flame Tongue      |    43 |    45 ||    88
       Throw Flame       |    22 |    36 ||    58
       Conjure Flame     |       |     5 ||     5
  Use: Scroll            |       |     7 ||     7
       Potion            |       |     1 ||     1
  Eat: Chunk             |    14 |    13 ||    27
       Ration            |     2 |     1 ||     3
Armor: Skin              |    19 |    47 ||    66
Dodge: Dodged            |    38 |    88 ||   126

Table legend:
 A = Spawn XP
 B = Non-spawn XP
 C = Spawn XP percentage of total XP
 D = Spawn monster count
 E = Non-spawn monster count
 F = Spawn count percentage of total count
 G = Total turns spent on level
                    A         B        C        D         E        F      G
               +---------+---------+-------+---------+---------+-------+---------
         Total |       0 |     299 |   0.0 |       0 |      75 |   0.0 |  9181
               +---------+---------+-------+---------+---------+-------+---------
           D:1 |       0 |      62 |   0.0 |       0 |      31 |   0.0 |  3484
           D:2 |       0 |      47 |   0.0 |       0 |      12 |   0.0 |  1985
           D:3 |       0 |     190 |   0.0 |       0 |      32 |   0.0 |  3248
               +---------+---------+-------+---------+---------+-------+---------
